woodfighter, lawful female dwarven Priestess ---------- |...|...|| |.iF.....- ...||.e.| -.|.....| |.Z.Z.|. .WVW. -@- u f )## # --.---- |.....| |...... |....<| ------- woodfighter the Adept Experience level: 6 Strength: 17 Dexterity: 11 Constitution: 17 Intelligence: 17 Wisdom: 9 Charisma: 12 Health: 0(35) Energy: 53(53) Def: 22 Gold: 0 Moves: 14587 Dungeon seed: F57S3BTa6UR8hJKw Game ID: woodfighter_1553493449 Your Inventory: Amulets A - an amulet of reflection (being worn) Weapons a - a +2 dwarvish spear named Spear of Virtue (weapon in hand) j - 2 +0 dwarvish spears D - a +0 dwarvish spear (in quiver) Armor e - a +0 pair of leather gloves (being worn) n - a +0 small shield r - a +0 pair of speed boots (being worn) u - a blessed +0 robe (being worn) z - a blessed +1 elven shield (being worn) N - a blessed greased +0 gray dragon scale mail (being worn) R - a blessed +2 orcish helm (being worn) Comestibles b - a tin of winter wolf cub meat d - a sprig of wolfsbane h - a tripe ration i - a magic bean G - 5 food rations Z - a lizard corpse Rings S - a ring of poison resistance (on left hand) Wands f - a wand of teleportation (0:4) p - a wand of digging (0:6) K - a wand of create monster (0:10) L - a wand of sleep (0:4) Tools m - a blessed oil lamp (0:866) q - a +0 unicorn horn s - a bag of holding w - a magic whistle y - a skeleton key W - a towel Gems x - a luckstone B - a worthless piece of green glass Y - a worthless piece of orange glass Contents of the bag of holding: 1574 gold pieces an amulet of ESP a blessed +1 mummy wrapping a scroll of create monster a cursed scroll of create monster a scroll of earth a scroll of enchant weapon a blessed scroll of identify a scroll of scare monster a scroll of teleportation a scroll of water a spellbook of cone of cold a spellbook of restore ability a potion of blindness a potion of confusion a potion of oil a ring of cold resistance a [+0] pick-axe a fluorite Spells and supernatural/magical abilities: Name Level Category Fail Memory n - detect monsters 1 divination 60% 28% p - protection 1 clerical 60% 28% O - create monster 2 clerical 60% 28% W - pray for help -- divine ? -- X - turn undead -- divine ? -- Your skills at the end: Miscellaneous Skills shield [Skilled] wands [Basic] Weapon Skills pick-axe [Basic] mace [Basic] spear [Skilled] Spellcasting Skills clerical spells [Basic] Final Attributes: You were piously aligned. You were sleep resistant. You were poison resistant. You were magic-protected. Your writing hand was ok. You saw invisible. You were telepathic. You had infravision. You were invisible to others. You were protected. You were very fast. You had reflection. You were lucky. You had extra luck. Bad luck did not time out for you. Good luck did not time out for you. You are dead. Vanquished creatures: 3 vampire lords a vampire a giant mimic a large mimic a baby purple worm a winter wolf a warhorse a xan 2 ettin mummies an ogre lord a pyrolisk a large dog a freezing sphere a flaming sphere a human mummy 13 wraiths an incubus 2 giant beetles a cockatrice a black light a lynx a panther 4 leprechauns a quivering blob a lizard 2 mumakil 4 giant spiders an iron piercer a vampire bat a forest centaur a gnome king an orc mummy 4 Green-elves 6 piranhas a housecat a black unicorn 3 dust vortices a raven a plains centaur 4 Woodland-elves 9 human zombies a rope golem 5 soldier ants a yellow light 7 bugbears 2 imps a baby crocodile 7 wood nymphs 10 Mordor orcs an orc shaman 2 rock moles 5 rock piercers 2 fog clouds a shrieker a violet fungus 3 gnome lords a gnomish wizard a black naga hatchling a golden naga hatchling a guardian naga hatchling a barrow wight 6 elf zombies 4 ghouls a straw golem 2 paper golems a giant ant a puppy 4 floating eyes 2 kittens 2 dwarves 3 homunculi a kobold lord 8 iguanas 9 hill orcs 8 rothes a rabid rat a centipede a jitterbug 3 giant bats 7 monkeys 4 orc zombies 6 dwarf zombies 4 killer bees 2 coyotes 3 hobbits 2 acid blobs a large kobold 6 geckos 16 hobgoblins 6 giant rats 7 cave spiders a brown mold a yellow mold a green mold 3 red molds 20 gnomes 3 garter snakes 14 manes 5 gnome zombies 18 jackals 2 foxes 5 kobolds 15 newts 15 goblins 3 sewer rats 16 grid bugs 10 bats 15 lichens 8 kobold zombies 416 creatures vanquished. Voluntary challenges: You did not cause conflict. You were not displaced. You had been an atheist until turn 7835. You used a wielded weapon 693 times, starting on turn 7. You did not use plumbed fixtures. You were illiterate. You never genocided any monsters. You polymorphed 1 item, starting on turn 11908. You never changed form. You completed Sokoban on turn 4858, according to the rules. You used 1 wish, starting on turn 11846. You did not wish for any artifacts. You never split a pudding. You never wrote Elbereth's name. You violated your moral code, losing 5 points of alignment, starting on turn 8272. Dungeon overview: The Dungeons of Doom: levels 1 to 12 Level 1 (water) a fountain a long staircase Level 2 (box) an altar to Hermes stairs to The Gnomish Mines Level 3 Level 4 (water) an altar to Poseidon Level 5 many fountains Level 6 stairs to Sokoban Level 7 a fountain Level 8 Level 9 a fountain Level 10 an altar to Poseidon Level 11 Level 12 <- You were here The Gnomish Mines: levels 3 to 11 Level 3 stairs to The Dungeons of Doom Level 4 Level 5 (unicorn) many shops, a temple to Hermes, a magic chest, some fountains, a sink Level 6 ( ) Level 7 Level 8 Level 9 Level 10 Level 11 a magic chest, a fountain Sokoban: levels 2 to 5 Level 2 a magic chest Level 3 a sink Level 4 Level 5 a magic chest stairs to The Dungeons of Doom History has recorded: On T:1 you entered the Dungeons of Doom to retrieve the Amulet of Yendor! On T:226 you reached level 2 of The Dungeons of Doom. On T:383 you advanced to experience level 2. On T:505 you reached level 3 of The Dungeons of Doom. On T:538 you reached level 1 of The Gnomish Mines. On T:1095 you advanced to experience level 3. On T:1115 you reached level 4 of The Dungeons of Doom. On T:1878 you advanced to experience level 4. On T:1958 you reached level 5 of The Dungeons of Doom. On T:2812 you advanced to experience level 5. On T:2845 you reached level 6 of The Dungeons of Doom. On T:3144 you reached level 4 of Sokoban. On T:3221 you opened a magic chest. On T:3453 you reached level 3 of Sokoban. On T:3631 you reached level 2 of Sokoban. On T:4115 you reached level 1 of Sokoban. On T:4205 you advanced to experience level 6. On T:4858 you advanced to experience level 7. On T:4858 you entered the Sokoban zoo. On T:5437 you reached level 2 of The Gnomish Mines. On T:5928 you reached level 3 of The Gnomish Mines. On T:6640 you entered the Minetown temple On T:7116 you reached level 4 of The Gnomish Mines. On T:7407 you reached level 5 of The Gnomish Mines. On T:7623 you reached level 6 of The Gnomish Mines. On T:7835 you prayed to Athena. On T:7838 you advanced to experience level 8. On T:8105 you reached level 8 of The Gnomish Mines. On T:8139 you reached level 9 of The Gnomish Mines. On T:8139 you reached the bottom of the Mines. On T:8449 you reached level 7 of The Gnomish Mines. On T:8464 you prayed to Athena. On T:10592 you prayed to Athena. On T:11127 you reached level 7 of The Dungeons of Doom. On T:11846 you wished for "+3 blessed fixed greased gray dragon scale mail". On T:12799 you reached level 8 of The Dungeons of Doom. On T:12922 you advanced to experience level 9. On T:13187 you reached level 9 of The Dungeons of Doom. On T:13599 you reached level 10 of The Dungeons of Doom. On T:13748 you reached level 11 of The Dungeons of Doom. On T:14203 you reached level 12 of The Dungeons of Doom. On T:14534 you prayed to Athena. Score breakdown: Gold: 1574 ( 157 points) Experience: 6 levels ( 500 points) Exploration: 12 levels ( 330 points) Discoveries: 51 items ( 2000 points) Variety of kills: 109 monsters ( 2000 points) Major goal: Sokoban/Mines ( 1500 points) Survival: died (score multiplied by 3) Total score: 19461 Latest messages: You jab the freezing sphere! The freezing sphere explodes! You duck some of the blast. You kill the shrieker! You destroy the kobold zombie! You jab the wraith! The wraith misses. You jab the wraith! The wraith touches you! You jab the wraith! The wraith misses. You jab the vampire! The wraith touches you! The vampire bumps right into you! You jab the vampire! The wraith misses. The vampire scratches you! The vampire misses. You jab the vampire! The wraith touches you! The wraith bumps right into you! The vampire misses. (2x) You jab the vampire! (2x) The wraith misses. The wraith touches you! Goodbye level 7. You die... Final status: Goodbye woodfighter the Priestess, killed by a wraith... You died in The Dungeons of Doom on dungeon level 12 with 19461 points, and 1574 pieces of gold, after 14587 moves. You were level 6 with a maximum of 35 hit points when you died.